 Dungeon Crawl Stone Soup version 0.20-a0-876-g2c7b0bf (webtiles) character file.

477 Kashmaster1 the Poker (level 7, -16/52 HPs)
             Began as a Merfolk Gladiator on Mar 15, 2017.
             Demolished by an ogre
             ... wielding a +0 giant spiked club
              (17 damage)
             ... on level 4 of the Dungeon.
             The game lasted 00:18:53 (2950 turns).

Kashmaster1 the Poker (Merfolk Gladiator)           Turns: 2950, Time: 00:18:58

Health: -16/52     AC: 20    Str: 14    XL:     7   Next: 11%
Magic:  7/7        EV:  6    Int: 11    God:
Gold:   208        SH:  0    Dex: 20    Spells: 6/6 levels left

rFire    + . .     SeeInvis .   y - +1 scythe (protect)
rCold    + . .     Gourm    .   u - +0 plate armour (curse)
rNeg     . . .     Faith    .   (shield currently unavailable)
rPois    .         Spirit   .   c - +0 helmet
rElec    .         Reflect  .   p - scarf {rC+ rF+}
rCorr    .         Harm     .   v - +0 pair of gloves
MR       .....                  (no boots)
Stlth    ..........             (no amulet)
Regen    0.2/turn               (no ring)
MPRegen  0.1/turn               e - ring of flight

@: protection aura
A: change form in water, swift swim, stealthy swim, agile 2, clever 1
a: Evoke Flight


You were on level 4 of the Dungeon.
You were not hungry.

You visited 1 branch of the dungeon, and saw 4 of its levels.

You collected 208 gold pieces.

Inventory:

Hand Weapons
 a - a +1 trident
 m - a +0 great sword
 w - a +0 war axe
 y - a +1 scythe of protection (weapon)
Missiles
 d - 4 throwing nets (quivered)
Armour
 b - a +0 leather armour
 c - a +0 helmet (worn)
 j - a +0 ring mail
 p - a scarf of resistance (worn)
 u - a cursed +0 plate armour (worn)
 v - a +0 pair of gloves (worn)
Jewellery
 e - a ring of flight (left hand)
 r - a -2 ring of intelligence
Scrolls
 i - 2 scrolls of teleportation
 l - a scroll of enchant weapon
 n - a scroll of magic mapping
 o - 2 scrolls of fog
 s - a scroll of recharging
 t - 2 scrolls of identify
Potions
 h - a potion of mutation
 x - 3 potions of flight
Comestibles
 f - 3 bread rations
 g - a meat ration
 k - a royal jelly
 q - 3 fruits


   Skills:
 + Level 3.2 Fighting
 + Level 4.1 Long Blades
 + Level 6.4 Polearms
 + Level 2.0 Throwing
 + Level 2.0 Armour
 + Level 5.5 Dodging
 + Level 1.0 Stealth


You had 6 spell levels left.
You didn't know any spells.

Dungeon Overview and Level Annotations

Branches:
Dungeon (4/15)
 Temple: D:4-7

Altars:
Trog


Innate Abilities, Weirdness & Mutations

You revert to your normal form in water.
You are very nimble and swift while swimming.
You are very stealthy in the water. (Stealth+)
You are very agile. (Dex +4)
Your mind is acute. (Int +2)


Message History

Your weapon exudes an aura of protection.
The adder barely misses you. The adder bites you but does no damage.
The ogre hits you with a giant spiked club!!
You hit the ogre.
The ogre is moderately wounded.
The adder bites you. The adder bites you but does no damage.
The ogre hits you with a giant spiked club!
* * * LOW HITPOINT WARNING * * *
The adder bites you but does no damage.
You closely miss the ogre.
The ogre is moderately wounded.
The adder bites you but does no damage. The ogre closely misses you.
The adder bites you but does no damage.
You hit the ogre.
The ogre is moderately wounded.
The ogre hits you with a giant spiked club!
* * * LOW HITPOINT WARNING * * *
The adder bites you but does no damage. x2
The ogre hits you with a giant spiked club!
You die...

#?. #.. .... #.# ...
#.# # #.. ##
#.#.##+#... .#
######.#.#.....#####.##
#....#SO.'.........§..
#.....@###........#..#
#......'......§...#..#
#...)..#######....#..#
#....#......##.......#
#....#.####..........#
#....#.......##......#
#........#....#......#
########.#.#.<.......#
#.........#.......#


You could see an ogre and an adder.

Vanquished Creatures
  Sigmund (D:4)
  A phantom (D:4)
  A scorpion (D:4)
  A hound skeleton (D:4)
  Robin (D:2)
  3 gnolls (D:4)
  7 adders
  3 worms
  A dart slug (D:2)
  An orc (D:3)
  A ball python (D:2)
  15 bats
  4 giant cockroaches
  14 goblins
  4 hobgoblins
  3 jackals (D:1)
  2 quokkas
  5 frilled lizards
  3 kobolds
  11 rats
82 creatures vanquished.

Notes
Turn   | Place    | Note
-------+----------+-------------------------------------------
     0 | D:1      | Kashmaster1 the Merfolk Gladiator began the quest for the Orb.
     0 | D:1      | Reached XP level 1. HP: 16/16 MP: 1/1
   219 | D:1      | Reached XP level 2. HP: 21/22 MP: 2/2
   430 | D:1      | Reached skill level 5 in Polearms
   497 | D:1      | Gained mutation: Your mind is acute. (Int +2) [potion of mutation]
   497 | D:1      | Gained mutation: You are agile. (Dex +2) [potion of mutation]
   497 | D:1      | Gained mutation: You are very agile. (Dex +4) [potion of mutation]
   709 | D:2      | Reached XP level 3. HP: 26/27 MP: 3/3
  1233 | D:2      | Reached XP level 4. HP: 33/34 MP: 4/4
  1248 | D:2      | Noticed Robin
  1252 | D:2      | Reached skill level 6 in Polearms
  1273 | D:2      | Killed Robin
  1617 | D:3      | Reached skill level 5 in Dodging
  1776 | D:3      | Reached XP level 5. HP: 37/39 MP: 5/5
  2046 | D:3      | Reached skill level 1 in Armour
  2189 | D:4      | Reached skill level 1 in Long Blades
  2189 | D:4      | Reached skill level 1 in Stealth
  2199 | D:4      | Noticed a phantom
  2280 | D:4      | Killed a phantom
  2280 | D:4      | Reached XP level 6. HP: 19/46 MP: 6/6
  2416 | D:4      | Noticed a moth of wrath
  2418 | D:4      | Found a bloodstained altar of Trog.
  2648 | D:4      | Noticed Sigmund
  2662 | D:4      | Killed Sigmund
  2662 | D:4      | Reached XP level 7. HP: 23/52 MP: 7/7
  2950 | D:4      | HP: 1/52 [ogre/giant spiked club (15)]
  2950 | D:4      | Demolished by an ogre

Vault maps used:
D:1:      scummos_arrival_forest
D:2:      uniq_robin
D:3:      roderic_roman_lattice
D:4:      tso_oasis_becter, tgw_trog, first_bread, uniq_sigmund, uniq_edmund

Skill      XL: |  1  2  3  4  5  6 |
---------------+-------------------+-----
Polearms       | 5 6 |  6.4
Dodging        | 5 |  5.5
Armour         | 1 2 |  2.0
Long Blades    | 2 4 |  4.1
Stealth        | 1 |  1.0
Fighting       | 3 |  3.2
Throwing       | |  2.0

Action                   |  1- 3 |  4- 6 |  7- 9 || total
-------------------------+-------+-------+-------++-------
Melee: Trident           |   117 |    47 |       ||   164
       Great sword       |       |   107 |       ||   107
       Scythe            |       |       |    16 ||    16
Throw: Throwing net      |     1 |       |       ||     1
  Use: Scroll            |     8 |     3 |       ||    11
       Potion            |     3 |     1 |     1 ||     5
 Stab: Sleeping          |       |     1 |       ||     1
  Eat: Chunk             |     1 |     4 |     1 ||     6
       Fruit             |       |     1 |       ||     1
Armor: Leather armour    |    10 |       |       ||    10
       Ring mail         |    66 |    64 |       ||   130
       Plate armour      |       |    40 |    20 ||    60
Dodge: Dodged            |   205 |   133 |     8 ||   346
       Rpst.: Great sword |       |    26 |       ||    26
